 Dungeon Crawl Stone Soup version 0.28.0-45-g0d030f2227 (webtiles) character file.

Game seed: 2268497569217993707

90 NinjaNoafa the Shooter (level 4, -3/38 HPs)
             Began as a Minotaur Hunter on Apr 17, 2022.
             Slain by Robin
             ... wielding a +0 trident
              (4 damage)
             ... on level 2 of the Dungeon.
             The game lasted 00:06:56 (1802 turns).

NinjaNoafa the Shooter (Minotaur Hunter)            Turns: 1802, Time: 00:06:57

Health: -3/38      AC:  3    Str: 15 (16) XL:     4   Next: 32%
Magic:  3/3        EV: 12    Int:  8      God:
Gold:   64         SH:  0    Dex: 13      Spells: 3/3 levels left

rFire   . . .      SeeInvis .   g - +2 dagger (venom)
rCold   . . .      Faith    .   (no shield)
rNeg    . . .      Spirit   .   c - +0 leather armour
rPois   .          Reflect  .   (helmet restricted)
rElec   .          Harm     .   (no cloak)
rCorr   .          Rampage  .   (no gloves)
Will    .....      Clarity  +   (no boots)
Stlth   ++........              (no amulet)
HPRegen 0.12/turn               (no ring)
MPRegen 0.08/turn               (no ring)

@: mighty
A: horns 2, retaliatory headbutt, clarity
a: no special abilities


You were on level 2 of the Dungeon.
You visited 1 branch of the dungeon, and saw 2 of its levels.

You collected 64 gold pieces.

Inventory:

Hand Weapons
 a - a +1 shortbow
 b - a +0 short sword
 f - a +0 spear
 g - a +2 dagger of venom (weapon)
Missiles
 d - 8 arrows
Armour
 c - a +0 leather armour (worn)
 e - a +0 chain mail
Scrolls
 h - a scroll of teleportation


   Skills:
 + Level 3.2 Fighting
 * Level 1.3 Short Blades
 + Level 5.0 Bows
 + Level 3.1 Dodging
 + Level 1.5 Stealth


You had 3 spell levels left.
You didn't know any spells.
Your spell library was empty.

Dungeon Overview and Level Annotations

Branches:
Dungeon (2/15)

Altars:

Annotations:
D:2 Robin


Innate Abilities, Weirdness & Mutations

You have a pair of horns on your head.
You reflexively headbutt those who attack you in melee.
You possess an exceptional clarity of mind.


Message History

You kill the goblin!
Robin roars a battlecry!
The hobgoblin goes into a battle-frenzy!
A goblin comes into view. It is wielding a +0 dagger.
A hobgoblin comes into view.
You hit the hobgoblin.
You kill the hobgoblin!
You feel your intelligence returning.
A goblin comes into view. It is wielding a +0 dagger.
The goblin misses you. Robin throws the goblin at you!
The goblin barely misses you. You furiously retaliate!
You headbutt the goblin!
You kill the goblin!
The goblin hits you with a +0 dagger. The hobgoblin hits you.
You puncture the goblin!
You kill the goblin!
Robin throws the goblin at you! The goblin barely misses you.
The goblin hits you with a +0 dagger. The hobgoblin hits you.
You completely miss the goblin. The goblin barely misses you.
The goblin hits you but does no damage. The goblin hits you with a +0 dagger.
The hobgoblin hits you.
You puncture the goblin!
You kill the goblin!
The goblin hits you with a +0 dagger. The goblin hits you but does no damage.
The hobgoblin closely misses you. You furiously retaliate!
You headbutt the hobgoblin!
You kill the hobgoblin!
Okay, then.
You puncture the goblin!
You kill the goblin!
The goblin hits you with a +0 dagger.
You puncture the goblin!
You kill the goblin!
The hobgoblin hits you.
* * * LOW HITPOINT WARNING * * *
Robin hits you from afar with a +0 trident!
* * * LOW HITPOINT WARNING * * *
You puncture the hobgoblin!
You kill the hobgoblin!
Robin hits you from afar with a +0 trident.
You die...

#..$# #...# #...####
#......# #...##.#####
#..........####
#.)$#.........###
###)..#............
#)@)........###...#
#....g)#########....##..
#...### #..#..##. #..
##.##.#.. # #.##....
#####.##...#
#.........##
.......#...<..##)
########...####..


You could see Robin.

Vanquished Creatures
  An adder (D:2)
  A worm (D:2)
  4 dart slugs
  5 ball pythons
  5 endoplasms
  A giant cockroach (D:2)
  5 hobgoblins
  9 jackals
  4 quokkas
  3 bats
  6 frilled lizards
  12 goblins
  7 kobolds
  A rat (D:1)
64 creatures vanquished.

Notes
Turn   | Place    | Note
-------+----------+-------------------------------------------
     0 | D:1      | NinjaNoafa the Minotaur Hunter began the quest for the Orb.
     0 | D:1      | Reached XP level 1. HP: 18/18 MP: 0/0
   323 | D:1      | Reached skill level 1 in Stealth
   323 | D:1      | Reached XP level 2. HP: 25/25 MP: 1/1
   458 | D:1      | Gained mutation: You possess an exceptional clarity of
                  | mind. [potion of mutation]
   729 | D:1      | Reached XP level 3. HP: 30/30 MP: 2/2
  1108 | D:2      | Found a faded altar of an unknown god.
  1258 | D:2      | Reached skill level 1 in Short Blades
  1545 | D:2      | Reached XP level 4. HP: 38/38 MP: 3/3
  1550 | D:2      | Reached skill level 5 in Bows
  1790 | D:2      | Noticed Robin
  1801 | D:2      | HP: 1/38 [Robin/+0 trident (7)]
  1802 | D:2      | Slain by Robin

Illustrated notes

Levels and vault maps discovered:
D:1:      minmay_arrival_widening_spiral_wide, layout_loops_ring
D:2:      layout_rooms, hellmonk_ecumenical_altar_crossroads, uniq_robin

Skill      XL: |  1  2  3  4 |
---------------+-------------+-----
Stealth        | 1 |  1.5
Fighting       | 3 |  3.2
Dodging        | 3 |  3.1
Short Blades   | 1 |  1.3
Bows           | 5 |  5.0

Action                   |  1- 3 |  4- 6 || total
-------------------------+-------+-------++-------
Melee: Spear             |     1 |       ||     1
       Dagger            |    21 |    12 ||    33
       Headbutt          |     3 |       ||     3
 Fire: Shortbow          |    76 |    13 ||    89
  Use: Potion            |     3 |     1 ||     4
       Scroll            |     1 |       ||     1
 Stab: Sleeping          |     1 |       ||     1
Armor: Leather armour    |    10 |     4 ||    14
Dodge: Dodged            |    40 |     9 ||    49
